Map: 16-Bit LE

Players

erikmaster

  • Race: Protoss Protoss
  • League: Diamond
  • Spawn Location: 7:00

Wolfhoundx - Winner!

  • Race: Terran Terran
  • League: Master
  • Spawn Location: 1:00

VOD

Have the link to the VOD?

Description

Time

  • Played on: June 9, 2018, 9:34 a.m.
  • Length: 26:00
Show
View Real Time Build Order
Export as new Build Order

erikmaster Protoss 

Build Orders: 1 Gate Expand, Oracle Opening 

Get SALT Encoding   

  12  0:00  Probe  
  13  0:08  Probe  
  14  0:18  Probe, Pylon  
  15  0:36  Probe  
  15  0:39  Gateway  
  16  0:47  Assimilator  
  16  0:48  Probe  
  17  0:57  Probe  
  18  1:05  Probe  
  19  1:15  Probe  
  20  1:27  Probe  
  20  1:31  Nexus  
  20  1:39  Probe  
  21  1:41  Assimilator  
  21  1:45  Pylon  
  21  1:52  Probe  
  22  2:02  Cybernetics Core  
  22  2:04  Probe  
  23  2:15  Probe  
  24  2:23  Probe  
  24  2:25  Zealot  
  27  2:32  Probe  
  28  2:40  Warp Gate  
  28  2:42  Probe  
  29  2:47  Stalker  
  29  2:51  Stargate  
  29  2:54  Gateway  
  29  2:55  Probe  
  32  3:08  Pylon  
  32  3:10  Pylon  
  32  3:13  Probe  
  32  3:15  Probe  
  34  3:25  Probe  
  35  3:28  Probe, Oracle  
  36  3:37  Probe  
  36  3:40  Probe  
  40  3:45  Gateway  
  40  3:47  Pylon  
  40  3:49  Probe  
  40  3:54  Probe  
  42  3:58  Oracle  
  42  4:01  Probe, Stalker  
  45  4:06  Probe  
  49  4:10  Probe  
  50  4:18  Probe x2, Assimilator  
  52  4:30  Probe  
  52  4:38  Twilight Council  
  52  4:40  Forge  
  52  4:41  Probe  
  54  4:45  Probe  
  54  5:01  Nexus  
  54  5:04  Pylon  
  54  5:06  Robotics Facility  
  54  5:07  Probe, Pylon  
  54  5:08  Forge  
  55  5:16  Adept x3  
  61  5:21  Probe  
  61  5:23  Assimilator  
  62  5:29  Probe  
  62  5:31  Pylon  
  62  5:33  Probe  
  62  5:35  Charge  
  64  5:37  Shield Battery  
  64  5:38  Adept  
  64  5:39  Shield Battery  
  64  5:40  Protoss Ground Weapons Level 1  
  64  5:41  Probe  
  66  5:45  Probe  
  66  5:47  Protoss Ground Armor Level 1  
  66  5:49  Probe  
  69  5:58  Probe x2  
  66  6:07  Adept  
  66  6:11  Pylon  
  66  6:14  Gateway  
  66  6:16  Gateway  
  66  6:42  Probe  
  66  6:45  Assimilator  
  67  6:47  Nexus  
  67  6:53  Immortal  
  71  6:56  Pylon  
  71  7:08  Robotics Bay  
  71  7:10  Probe x2  
  73  7:17  Pylon  
  73  7:20  Adept x2  
  73  7:21  Photon Cannon  
  73  7:22  Probe  
  76  7:28  Shield Battery  
  74  7:32  Pylon  
  74  7:33  Adept  
  76  7:39  Pylon  
  73  7:53  Protoss Ground Weapons Level 2, Probe x2  
  75  7:59  Photon Cannon, Adept  
  75  8:00  Adept x2  
  75  8:01  Colossus, Shield Battery  
  87  8:13  Probe x2  
  87  8:14  Probe  
  90  8:21  Probe x2  
  90  8:22  Probe  
  93  8:29  Probe x2  
  93  8:30  Zealot x2  
  93  8:31  Probe  
  93  8:33  Sentry  
  93  8:34  Sentry x2, Extended Thermal Lance  
  103  8:42  Phoenix  
  105  8:54  Adept  
  105  8:55  Adept  
  104  9:06  Adept  
  104  9:07  Adept x2  
  90  9:16  Adept x2  
  92  9:26  Blink  
  92  9:27  Adept  
  92  9:28  Adept x2  
  96  9:32  Immortal  
  100  9:47  Protoss Ground Armor Level 2  
  100  9:49  Zealot x5  
  100  9:52  Probe x3  
  113  9:53  Assimilator  
  113  10:02  Colossus  
  113  10:04  Probe x3  
  113  10:05  Protoss Ground Weapons Level 3  
  122  10:16  Probe x2  
  122  10:19  Photon Cannon  
  124  10:21  Photon Cannon  
  124  10:25  Pylon  
  124  10:33  Stalker x2  
  128  10:37  Probe x2  
  130  10:46  Colossus  
  130  10:48  Adept x3  
  142  11:02  Probe  
  143  11:05  Photon Cannon  
  143  11:09  Zealot x2  
  147  11:17  Pylon  
  147  11:23  Stalker  
  147  11:24  Gateway x2  
  149  11:27  Gateway  
  149  11:28  Pylon  
  149  11:30  Pylon  
  149  11:31  Pylon  
  145  11:33  Zealot x2  
  145  11:37  Dark Shrine  
  147  11:42  Adept  
  147  11:43  Adept  
  145  11:52  Zealot  
  145  11:54  Zealot x2  
  123  12:03  Warp Prism  
  123  12:05  Gateway  
  119  12:09  Protoss Shields Level 1  
  119  12:11  Gateway  
  119  12:13  Gateway  
  119  12:15  Gateway  
  113  12:32  Stalker x4  
  121  12:40  Observer  
  122  13:00  Colossus  
  122  13:01  Nexus  
  122  13:02  Templar Archives  
  122  13:05  Pylon  
  128  13:06  Photon Cannon  
  128  13:10  Photon Cannon  
  127  13:18  Zealot x7  
  127  13:19  Sentry x4  
  149  13:30  Pylon  
  149  13:40  Stalker x6  
  126  13:49  Zealot x3  
  126  13:52  Dark Templar  
  126  13:57  Warp Prism  
  126  14:02  Zealot  
  116  14:08  High Templar x6  
  130  14:13  Psionic Storm  
  130  14:15  Archon x3  
  128  14:30  Immortal  
  128  14:32  Zealot x5  
  130  15:04  Probe x2  
  116  15:13  Colossus  
  108  15:19  Zealot x6  
  118  15:22  Sentry, Nexus  
  118  15:25  Pylon, High Templar x2  
  118  15:34  Pylon  
  104  15:48  Assimilator  
  104  15:52  Assimilator  
  104  15:55  Stalker x4  
  104  15:56  High Templar  
  114  15:57  High Templar  
  116  16:07  Photon Cannon  
  116  16:11  Zealot x3  
  120  16:15  Pylon  
  122  16:32  Pylon  
  122  16:37  Photon Cannon  
  122  16:38  Shield Battery  
  122  16:41  Shield Battery  
  122  16:42  Photon Cannon  
  122  16:44  Dark Templar x3, Pylon  
  122  16:53  Protoss Ground Armor Level 3  
  122  17:00  Colossus, Pylon  
  120  17:16  Pylon, Stalker x2  
  120  17:19  High Templar  
  126  17:27  Adept x3  
  132  17:30  Adept x2  
  132  17:33  High Templar x2  
  140  17:43  Colossus  
  128  17:44  Zealot x3  
  122  17:51  Dark Templar  
  122  17:52  Dark Templar  
  129  18:11  Probe x2  
  129  18:12  Probe x2  
  133  18:18  Dark Shrine  
  133  18:23  Probe  
  134  18:28  Gateway  
  134  18:31  Gateway  
  134  18:37  Colossus  
  140  18:46  Probe x3  
  143  18:49  Shield Battery  
  143  18:53  Photon Cannon  
  141  18:55  Photon Cannon  
  131  19:05  Stalker  
  131  19:06  Stalker x4  
  138  19:18  Zealot x3  
  138  19:19  Zealot  
  138  19:20  Pylon  
  146  19:25  Warp Prism  
  146  19:27  Sentry x2  
  152  19:32  Probe x2, Photon Cannon  
  152  19:34  Photon Cannon  
  154  19:51  Zealot  
  154  19:52  Zealot x3  
  162  19:56  Colossus  
  138  20:16  Dark Templar x3  
  140  20:29  Stalker x4  
  146  20:59  Adept  
  146  21:00  Adept x2  
  140  21:05  Nexus  
  134  21:33  Stalker x2  
  134  21:34  Zealot x2, Stalker  
  144  21:48  Pylon  
  144  21:50  Pylon  
  114  22:06  Zealot x3  
  106  22:28  Colossus  
  100  22:37  Zealot x2  
  68  23:00  Stalker, Adept x3  
  68  23:01  Stalker x2  
  80  23:09  Adept  
  80  23:10  Adept  
  80  23:12  High Templar x2  
  88  23:15  High Templar  
  88  23:16  Archon  
  90  23:24  Adept x3  
  96  23:34  Probe x3  
  99  23:46  Probe x3, Zealot x2  
  106  23:53  Stalker x2  
  106  24:01  Dark Templar  
  95  24:14  Zealot x4  
  54  24:31  Dark Templar  
  54  24:32  Zealot x3  
  58  24:47  Stalker  
  58  24:50  Probe x2  
  58  24:51  Probe  
  63  24:54  Probe  
  64  25:02  Probe x2  
  66  25:11  Assimilator  
  66  25:12  Zealot x3  
  72  25:15  Assimilator  
Show
View Real Time Build Order
Export as new Build Order

Wolfhoundx Terran - Winner!

Build Orders: MMM Bio 

Get SALT Encoding   

  12  0:01  SCV  
  13  0:13  SCV  
  14  0:19  Supply Depot  
  14  0:26  SCV  
  15  0:31  Refinery  
  15  0:41  SCV  
  16  0:46  Barracks  
  16  0:55  SCV  
  17  1:07  SCV  
  18  1:21  SCV  
  19  1:41  Factory, Orbital Command  
  19  1:52  Barracks Reactor  
  19  1:55  Supply Depot  
  19  2:12  SCV  
  20  2:22  Command Center  
  20  2:33  SCV  
  20  2:36  Hellion x2  
  25  2:42  Barracks Tech Lab  
  25  2:45  SCV  
  25  2:49  Barracks  
  26  2:54  Supply Depot  
  26  2:59  SCV  
  27  3:10  Barracks  
  27  3:11  Marine  
  28  3:14  Factory Reactor, SCV  
  29  3:20  Stimpack  
  28  3:36  Marine, Orbital Command  
  29  3:43  Refinery  
  29  3:44  SCV  
  30  3:55  Starport, Marine  
  30  3:57  Factory Reactor  
  30  3:58  Marine x3  
  30  4:00  SCV  
  35  4:07  SCV  
  36  4:11  Engineering Bay  
  36  4:14  SCV  
  36  4:16  Marine x2  
  39  4:19  Marine  
  40  4:28  Marine  
  40  4:29  Marine  
  40  4:30  SCV  
  40  4:31  SCV  
  44  4:34  Marine  
  45  4:39  Marine x2  
  47  4:49  Missile Turret  
  47  4:51  Missile Turret, SCV x2  
  47  4:52  Medivac  
  51  4:53  Medivac  
  51  5:00  Marine x2  
  51  5:01  Marine  
  54  5:14  Marine x2, SCV x2  
  58  5:21  Marine x2  
  58  5:23  Combat Shields  
  60  5:34  Factory Reactor, Medivac  
  62  5:41  Supply Depot  
  62  5:45  Supply Depot  
  62  5:54  SCV x2  
  62  6:03  Marine x4, Marauder  
  68  6:14  Command Center  
  65  6:21  Marine  
  65  6:25  Marine x3  
  65  6:26  Marine  
  65  6:27  Terran Infantry Armor Level 1, SCV x2  
  69  6:33  Refinery  
  69  6:35  Refinery  
  69  6:40  Barracks  
  69  6:41  Barracks, SCV x2  
  69  6:43  Marine x3  
  74  6:51  Marine x2  
  76  6:54  Medivac  
  78  7:20  SCV  
  78  7:21  Marine  
  78  7:25  Marine x3, SCV  
  78  7:26  Widow Mine x2, Marauder  
  78  7:28  Barracks Tech Lab, Barracks Reactor  
  88  7:30  Medivac x2  
  88  7:32  Orbital Command  
  88  7:33  SCV  
  93  7:40  Supply Depot  
  93  7:41  SCV  
  93  7:44  Marine  
  93  7:45  Marine  
  92  7:52  Marine  
  93  8:01  Marine  
  93  8:02  Marine, Supply Depot x2, Marauder x2  
  93  8:04  Supply Depot  
  99  8:05  Engineering Bay, SCV  
  99  8:06  SCV  
  99  8:07  Armory  
  101  8:13  Supply Depot  
  101  8:24  Marauder  
  103  8:31  Marine x4  
  103  8:32  Marine x3  
  103  8:34  SCV x3  
  113  8:37  Supply Depot  
  113  8:45  Marine  
  113  8:46  SCV  
  115  8:50  Marauder  
  117  9:00  Supply Depot  
  103  9:16  Marine x7  
  103  9:17  Marine  
  102  9:31  SCV x2  
  102  9:32  Supply Depot  
  102  9:33  Marine x2  
  102  9:34  Marine x2, Refinery  
  102  9:35  Terran Infantry Armor Level 2, Marine x2, Terran Infantry Weapons Level 1, Marauder x2  
  102  9:36  Refinery  
  112  9:42  SCV  
  112  9:43  SCV  
  113  9:51  Marine x3  
  113  9:52  Marine  
  117  9:53  Marine  
  117  9:54  Terran Vehicle Weapons Level 1, Barracks x2  
  117  9:56  Viking x2, Barracks, Marauder x2  
  128  10:00  Command Center, Widow Mine x2  
  128  10:03  Supply Depot  
  128  10:05  SCV x2  
  128  10:06  SCV  
  133  10:16  Marine x6  
  133  10:17  Starport, Marine x2  
  141  10:26  Viking x2, Supply Depot  
  145  10:31  Widow Mine x2  
  145  10:33  SCV x3  
  152  10:36  Marine x6  
  152  10:37  Marine, Marauder  
  152  10:40  Supply Depot  
  161  10:42  Supply Depot  
  161  10:49  Barracks Tech Lab, Supply Depot, Barracks Reactor x2  
  161  10:53  Viking  
  161  10:55  Marauder  
  161  10:56  Viking  
  167  10:59  Marine x3  
  167  11:00  Marine  
  171  11:11  Marine x3  
  173  11:12  Marauder  
  173  11:16  Orbital Command, Marauder  
  173  11:17  Marine  
  119  11:57  Marine x3  
  119  11:58  Marine x7  
  119  11:59  Marauder x3  
  119  12:02  SCV x3  
  119  12:03  SCV  
  120  12:15  Marine x5  
  113  12:16  Viking x3  
  113  12:20  Marauder x2  
  113  12:21  SCV  
  113  12:22  SCV  
  129  12:24  Marine, SCV  
  129  12:25  Marine x3  
  129  12:26  Marauder  
  136  12:35  Supply Depot  
  136  12:36  Marine, Supply Depot  
  136  12:37  Marine x5  
  137  12:38  Supply Depot  
  137  12:41  Marine  
  137  12:42  Marine, Marauder  
  146  12:45  Terran Infantry Weapons Level 2  
  146  12:46  Terran Infantry Armor Level 3  
  146  12:47  Marauder  
  146  12:48  Marine x2  
  150  12:56  Marine  
  150  12:57  Marine x3  
  150  12:58  Marine x2  
  155  12:59  Marauder  
  155  13:03  Marauder  
  160  13:14  Command Center  
  160  13:18  Marine x5, Marauder  
  160  13:19  Marine  
  168  13:21  Marauder  
  168  13:22  Widow Mine  
  164  13:47  Marine x6  
  164  13:48  Marine x5, Marauder  
  153  13:49  Marauder  
  120  14:05  Marine x5  
  120  14:06  Marauder  
  120  14:10  Marauder  
  120  14:14  Marine x6  
  120  14:16  Medivac x3  
  124  14:18  Widow Mine x2  
  124  14:23  Marine x2  
  125  14:28  Marine x2, Marauder  
  127  14:31  Marauder  
  127  14:38  Marine x3  
  126  14:39  Marine x3, Marauder  
  120  14:57  Marine x8  
  120  14:58  Marine, Marauder  
  112  15:11  Marine x3  
  106  15:14  Marine x2  
  106  15:19  Marauder  
  87  15:38  Marine x4  
  87  15:39  Marine x3, Marauder x2  
  87  15:40  Marauder  
  97  15:47  Marine x2  
  97  15:48  Marine  
  100  15:57  Viking x2  
  100  16:00  Marauder x2  
  108  16:09  Planetary Fortress  
  108  16:14  Missile Turret  
  108  16:15  Marine x4  
  108  16:16  Marine x2  
  114  16:20  Marine x2  
  114  16:21  Marine x2  
  118  16:31  Terran Infantry Weapons Level 3  
  118  16:38  Viking x2  
  118  16:39  Viking  
  124  16:44  Marine, Marauder  
  124  16:45  Marine  
  128  16:57  Marine x5  
  128  16:58  Marine, Marauder x2  
  128  16:59  Marine  
  139  17:25  Marine x5  
  139  17:26  Marine, Marauder  
  147  17:34  Command Center  
  141  17:50  Marine x3  
  141  17:51  Marauder x2  
  127  18:03  Marine x8  
  131  18:07  Marine  
  131  18:08  Marine x2  
  131  18:12  Marauder x2  
  138  18:17  Ghost Academy  
  138  18:20  Marine  
  138  18:21  Marine x2  
  138  18:22  Marauder  
  138  18:29  Orbital Command  
  129  18:34  Marine x5  
  129  18:35  Marine x3  
  129  18:36  Marauder  
  129  18:38  Marine x3  
  142  18:45  Marine  
  143  18:52  Marine x6  
  143  18:53  Marauder  
  147  19:01  Marine x5  
  116  19:03  Marine  
  113  19:10  Marine x4  
  113  19:11  Marine x2  
  113  19:14  Marine  
  120  19:19  Marine x4  
  120  19:20  Planetary Fortress, Marauder  
  120  19:21  Ghost  
  128  19:27  Marine  
  129  19:33  Marine x3  
  129  19:34  Marauder  
  129  19:35  Marine x2  
  129  19:36  Marine x2  
  129  19:37  Marine, Medivac  
  129  19:38  Medivac  
  143  19:41  Marauder  
  145  19:46  Marine  
  145  19:49  Ghost  
  148  19:54  Ghost  
  150  20:00  Viking  
  150  20:04  Marine x3  
  150  20:05  Marine x6  
  150  20:06  Marauder  
  163  20:07  Viking  
  163  20:08  Viking  
  167  20:17  Marine  
  167  20:19  Marauder  
  170  20:22  Marine x2  
  170  20:23  Marauder  
  174  20:32  Marine x4  
  174  20:33  Marine x3, Marauder  
  174  20:35  Marine  
  184  20:39  Marine  
  184  20:40  Marine  
  186  20:45  Marauder  
  179  20:52  Marine x3  
  179  20:53  Marine x6  
  179  20:54  Viking x3, Marine  
  182  20:58  Marauder  
  176  21:06  Marauder  
  176  21:08  Marine  
  176  21:10  Marine x4  
  169  21:13  Marauder  
  169  21:16  Marine x3  
  168  21:19  Marauder  
  168  21:24  Viking x3  
  170  21:30  Ghost  
  170  21:31  Marine x2  
  170  21:32  Marine x5  
  179  21:33  Ghost, Marine  
  179  21:34  Marine  
  128  22:01  Marine x3  
  128  22:02  Marauder  
  96  22:11  Marine x2  
  96  22:12  Marine x3  
  96  22:13  Marine, Marauder  
  91  22:17  Marine  
  91  22:18  Marauder  
  91  22:19  Marine x3  
  91  22:23  Marauder  
  91  22:30  Marine x4  
  91  22:35  Marauder  
  92  22:39  Marauder  
  89  22:48  Marine x8  
  89  22:49  Marine x2, Marauder  
  96  22:56  Marauder  
  96  23:00  Medivac x3  
  96  23:01  Marauder  
  104  23:05  Marine x2  
  104  23:06  Marine x3  
  104  23:10  Marauder  
  111  23:17  Marine x5  
  111  23:18  Marauder  
  118  23:22  Marauder  
  118  23:23  Marine  
  121  23:31  Marine x4  
  125  23:51  Marine  
  125  23:53  Marine  
  125  24:06  Medivac  
  125  24:07  Marine x3  
  125  24:08  Marauder x2  
  125  24:09  Medivac  
  124  24:12  Marine x5  
  124  24:14  Marine  
  124  24:15  Marine x2  
  124  24:16  Medivac  
  111  24:25  Marine x2, Marauder  
  111  24:29  Marine x3, Marauder  
  111  24:30  Marine x2  
  119  24:36  Medivac  
  119  24:45  Marine x6  
  117  24:46  Marauder  
  117  24:47  Medivac, Marauder  
  125  25:21  Supply Depot x2  
  125  25:22  Supply Depot  
  125  25:41  Marine x2  
Tags
 
Add a new tag
Caveats
  • Supply blocks, unpowered buildings, or Contaminate may cause inaccurate times.
  • Supply counts are checked every 10 seconds.